Map: Catalyst LE

Players

Serral - Winner!

  • Race: Zerg Zerg
  • League: Platinum
  • Spawn Location: 11:00

Psymysz

  • Race: Terran Terran
  • League: Diamond
  • Spawn Location: 5:00

VOD

Have the link to the VOD?

Description

temp test

Time

  • Played on: May 20, 2018, 2:20 a.m.
  • Length: 13:55
Show
View Real Time Build Order
Export as new Build Order

Serral Zerg - Winner!

Build Orders: 3 Hatch before Pool 

Get SALT Encoding   

  12  0:01  Drone  
  13  0:08  Drone  
  14  0:22  Extractor  
  14  0:23  Drone, Extractor  
  14  0:24  Drone  
  16  0:32  Overlord  
  16  0:50  Drone  
  16  0:51  Drone  
  16  0:55  Drone  
  19  1:01  Hatchery  
  18  1:08  Drone  
  19  1:17  Drone  
  20  1:31  Drone  
  21  1:37  Hatchery  
  20  1:40  Drone  
  20  1:45  Extractor  
  20  1:49  Drone  
  20  1:52  Spawning Pool  
  20  2:00  Drone  
  21  2:12  Drone  
  21  2:13  Drone  
  23  2:23  Drone  
  23  2:25  Drone, Hatchery  
  24  2:33  Drone  
  24  2:36  Drone  
  26  2:43  Drone  
  27  2:46  Drone  
  27  2:47  Metabolic Boost  
  27  2:49  Queen  
  30  2:52  Drone  
  30  2:54  Drone  
  30  2:57  Drone  
  33  3:00  Drone  
  34  3:06  Overlord  
  34  3:19  Overlord x2  
  34  3:36  Queen  
  34  3:37  Drone x2  
  34  3:38  Drone  
  34  3:39  Zergling x8  
  34  3:40  Zergling x2  
  44  3:42  Queen  
  44  3:43  Zergling x2  
  47  3:49  Drone x2  
  47  3:51  Drone, Evolution Chamber  
  47  3:54  Drone  
  47  3:55  Spine Crawler  
  49  3:58  Drone x2  
  49  4:01  Drone  
  49  4:02  Drone  
  53  4:03  Drone  
  53  4:08  Drone x2  
  56  4:11  Overlord  
  56  4:17  Overlord  
  56  4:21  Drone, Overlord  
  56  4:22  Overlord  
  55  4:29  Zerg Ground Armor Level 1  
  55  4:31  Baneling Nest  
  55  4:32  Drone x2  
  55  4:36  Drone  
  55  4:37  Drone, Evolution Chamber  
  57  4:40  Drone  
  57  4:42  Drone x2  
  60  4:46  Drone  
  60  4:47  Drone x2  
  60  4:48  Drone x2  
  60  4:50  Drone x2  
  60  4:52  Drone  
  68  4:53  Drone  
  68  4:55  Drone  
  68  4:58  Drone x2  
  68  4:59  Drone  
  73  5:01  Drone  
  73  5:02  Drone  
  73  5:04  Zerg Melee Weapons Level 1  
  73  5:05  Drone  
  76  5:07  Drone  
  76  5:09  Drone  
  76  5:10  Drone  
  76  5:12  Zergling x2  
  80  5:20  Hatchery  
  80  5:21  Extractor  
  78  5:24  Queen x2  
  78  5:25  Overlord  
  78  5:27  Zergling x2  
  83  5:29  Drone x2  
  83  5:30  Drone  
  83  5:31  Drone  
  83  5:32  Zergling x2  
  88  5:40  Baneling x6  
  88  5:43  Baneling  
  88  5:46  Zergling x6  
  88  5:47  Zergling x10  
  96  5:50  Overlord x4  
  96  6:00  Overlord x3  
  96  6:01  Overlord x2  
  96  6:09  Zergling x6  
  96  6:10  Zergling x2  
  95  6:12  Zergling x2  
  95  6:14  Zergling x2  
  93  6:19  Zergling x4  
  93  6:22  Zergling x2  
  93  6:24  Zergling x2  
  92  6:26  Zergling x6  
  92  6:27  Zergling x4  
  92  6:28  Zergling x2  
  92  6:30  Zergling x2  
  96  6:33  Zergling x4  
  96  6:36  Zergling x2  
  96  6:38  Lair  
  93  6:41  Zergling x2  
  93  6:42  Zergling x2  
  93  6:43  Zergling x2  
  93  6:47  Zergling x2  
  93  6:51  Zergling x2  
  93  6:53  Zergling x2  
  91  6:54  Zergling x2  
  91  6:58  Zergling x2  
  90  7:02  Zergling x2  
  90  7:06  Drone x2, Hatchery  
  92  7:09  Zergling x2  
  92  7:13  Drone  
  92  7:15  Zergling x2  
  95  7:16  Drone  
  95  7:19  Zergling x8, Hatchery  
  95  7:20  Zergling x2  
  100  7:25  Zergling x6  
  100  7:28  Zergling x2, Hatchery  
  102  7:31  Zergling x2  
  102  7:32  Zergling x2  
  102  7:34  Zergling x2, Hatchery  
  101  7:38  Baneling  
  101  7:39  Baneling  
  101  7:41  Zerg Melee Weapons Level 2, Zerg Ground Armor Level 2  
  101  7:45  Zergling x2  
  101  7:46  Zergling x4  
  101  7:47  Zergling x2  
  101  7:50  Hatchery  
  101  7:51  Zergling x6  
  103  7:52  Zergling x6  
  103  7:53  Zergling x6  
  103  7:54  Zergling x2  
  103  7:56  Zergling x4  
  104  7:59  Zergling x2  
  104  8:03  Zergling x2, Hatchery  
  104  8:05  Zergling x4  
  103  8:10  Zergling x2  
  97  8:12  Drone  
  97  8:13  Drone  
  97  8:17  Drone  
  97  8:18  Drone  
  100  8:21  Drone  
  100  8:22  Drone x2  
  100  8:23  Drone x2  
  100  8:25  Zergling x2  
  100  8:26  Zergling x2  
  105  8:28  Baneling x4  
  105  8:29  Zergling x2  
  105  8:31  Zergling x2  
  105  8:33  Zergling x2  
  105  8:34  Zergling x2  
  105  8:35  Zergling x2  
  105  8:36  Zergling x2  
  105  8:38  Baneling x3  
  105  8:39  Zergling x2  
  105  8:40  Zergling x2  
  108  8:42  Zergling x2  
  108  8:43  Zergling x2  
  108  8:47  Zergling x4  
  105  8:50  Zergling x4  
  105  8:51  Zergling x2  
  105  8:55  Zergling x6  
  109  8:56  Zergling x2  
  109  8:57  Zergling x4  
  109  8:58  Zergling x2  
  109  9:01  Zergling x2  
  110  9:04  Zergling x6  
  110  9:05  Zergling x2  
  110  9:08  Zergling x2  
  110  9:09  Zergling x4  
  112  9:10  Zergling x2  
  112  9:12  Zergling x4  
  112  9:14  Zergling x4  
  112  9:15  Zergling x2  
  112  9:16  Zergling x4  
  115  9:19  Zergling x4  
  115  9:20  Zergling x10  
  115  9:21  Zergling x4, Drone x2  
  115  9:23  Zergling x4  
  124  9:24  Zergling x2  
  124  9:26  Zergling x2  
  124  9:27  Zergling x2, Drone x3  
  124  9:28  Drone x2  
  124  9:30  Drone, Extractor  
  130  9:31  Drone  
  130  9:32  Drone x2, Extractor x2  
  130  9:33  Drone, Extractor  
  130  9:34  Drone x3  
  130  9:35  Drone, Extractor  
  130  9:36  Drone  
  130  9:37  Drone x2, Extractor  
  130  9:38  Drone  
  137  9:40  Drone  
  137  9:42  Zergling x2  
  137  9:43  Drone  
  137  9:45  Drone x2  
  142  9:46  Zergling x4  
  142  9:47  Drone x3  
  142  9:49  Drone x2  
  142  9:50  Infestation Pit  
  142  9:51  Zergling x2  
  147  9:53  Zergling x2  
  147  9:55  Drone x2  
  147  9:56  Drone x2  
  147  9:57  Zergling x2  
  147  9:58  Zergling x4  
  147  9:59  Zergling x2  
  144  10:01  Zergling x2  
  144  10:04  Zergling x2  
  144  10:06  Zergling x4  
  139  10:07  Zergling x4  
  139  10:08  Baneling  
  139  10:09  Baneling x3  
  139  10:10  Zergling x6  
  139  10:11  Zergling x2  
  139  10:12  Zergling x2  
  139  10:19  Zergling x4  
  139  10:20  Zergling x4  
  138  10:21  Zergling x4  
  138  10:23  Zergling x4  
  138  10:24  Zergling x2  
  138  10:25  Zergling x4  
  138  10:27  Zergling x4  
  138  10:28  Zergling x2  
  142  10:29  Drone x2  
  142  10:30  Zergling x2  
  142  10:31  Zergling x4  
  142  10:33  Drone  
  147  10:36  Drone  
  147  10:37  Zergling x2  
  147  10:40  Pathogen Glands  
  147  10:41  Zergling x4  
  147  10:42  Drone  
  152  10:43  Drone x2  
  152  10:44  Drone  
  152  10:46  Zergling x2  
  152  10:48  Hive  
  156  10:50  Zergling x2, Burrow  
  156  10:51  Zergling x8  
  156  10:52  Baneling x3  
  156  10:54  Baneling x2  
  156  10:55  Zergling x10  
  156  10:56  Zergling x6  
  156  10:57  Zergling x8  
  161  10:59  Zergling x2  
  161  11:00  Zergling x6  
  161  11:01  Zergling x4  
  161  11:02  Zergling x2  
  161  11:03  Zergling x6  
  164  11:05  Zergling x2  
  164  11:06  Zergling x10  
  164  11:08  Zergling x6  
  164  11:10  Zergling x2  
  162  11:11  Zergling x2  
  162  11:12  Zergling x2  
  162  11:13  Zergling x4  
  162  11:14  Zergling x2  
  162  11:19  Zergling x4  
  162  11:22  Zergling x8  
  162  11:23  Zergling x6  
  162  11:24  Drone x4  
  175  11:26  Drone  
  175  11:27  Drone x2, Hatchery x2  
  175  11:30  Drone x3, Spore Crawler  
  178  11:33  Drone x2  
  178  11:36  Overlord  
  180  11:40  Overlord x3  
  180  11:41  Baneling x5  
  180  11:42  Zergling x2, Baneling x2  
  180  11:43  Zergling x2  
  180  11:44  Zergling x6  
  180  11:45  Zergling x4  
  180  11:46  Zergling x6  
  180  11:48  Zergling x4  
  180  11:49  Zergling x4  
  180  11:50  Zergling x2  
  180  11:51  Zergling x2  
  180  11:53  Zergling x2  
  174  11:54  Zergling x6  
  174  11:56  Zergling x6  
  174  11:57  Zergling x6  
  174  11:58  Zergling x2  
  174  11:59  Zergling x2, Overlord x2  
  174  12:00  Zergling x2  
  170  12:03  Zergling x6  
  170  12:04  Zergling x2  
  170  12:05  Zergling x4  
  170  12:06  Zergling x4  
  170  12:08  Zergling x6  
  169  12:09  Zergling x4  
  169  12:10  Drone x3  
  169  12:12  Extractor  
  169  12:14  Extractor  
  169  12:15  Adrenal Glands  
  169  12:17  Drone, Infestor x3  
  175  12:24  Zergling x2  
  175  12:25  Zergling x2  
  175  12:26  Zergling x4  
  175  12:27  Zergling x6, Centrifical Hooks  
  175  12:29  Drone x3  
  186  12:30  Drone x3  
  186  12:36  Extractor  
  187  12:37  Drone x3, Extractor  
  187  12:38  Drone x2, Extractor  
  187  12:39  Drone x3, Extractor  
  187  12:40  Drone x2  
  187  12:42  Drone x2  
  187  12:43  Infestor x2  
  200  12:45  Overlord x2  
  200  12:46  Baneling  
  200  12:47  Baneling x9  
  200  12:56  Zergling x4  
  194  12:58  Zergling x2  
  194  12:59  Zergling x2  
  194  13:00  Zergling x2  
  194  13:01  Zergling x4  
  194  13:02  Zergling x2  
  194  13:03  Zergling x2  
  194  13:05  Zergling x6  
  185  13:06  Zergling x10  
  185  13:09  Zergling x4  
  185  13:10  Zergling x16  
  185  13:11  Zergling x2  
  190  13:14  Zergling x8  
  190  13:15  Zergling x8  
  190  13:17  Infestor x3  
  198  13:24  Zergling x8  
  198  13:26  Baneling x2  
  199  13:28  Baneling x4  
  199  13:29  Baneling x3  
  199  13:33  Overlord x3  
  199  13:37  Zergling x4  
Show
View Real Time Build Order
Export as new Build Order

Psymysz Terran 

Build Orders:  

Get SALT Encoding   

  12  0:00  SCV  
  13  0:12  SCV  
  14  0:17  Supply Depot  
  14  0:28  SCV  
  15  0:40  SCV  
  15  0:41  Barracks  
  16  0:53  SCV  
  16  0:55  Refinery  
  17  1:05  SCV  
  18  1:17  SCV  
  19  1:27  Marine  
  19  1:29  SCV  
  21  1:35  Command Center  
  21  1:45  SCV  
  22  1:47  Supply Depot  
  22  1:49  Barracks Reactor  
  22  1:59  Orbital Command  
  22  2:04  Refinery  
  22  2:26  SCV  
  23  2:34  Marine x2  
  23  2:35  Barracks  
  25  2:38  SCV  
  26  2:48  Factory  
  26  2:50  SCV, Orbital Command  
  27  3:09  Orbital Command, Marine x2  
  27  3:11  SCV  
  30  3:27  Marine x2  
  33  3:34  SCV x2  
  33  3:38  Barracks Tech Lab  
  33  3:39  Bunker  
  34  3:45  Marine x2  
  34  3:46  SCV x2  
  34  3:47  Factory Reactor  
  38  3:49  Starport  
  38  3:57  Supply Depot  
  38  3:58  SCV x2  
  40  4:03  Marine x3  
  40  4:08  Supply Depot  
  43  4:10  SCV x2  
  45  4:21  Supply Depot  
  45  4:22  SCV x2  
  47  4:29  Refinery  
  47  4:34  SCV  
  47  4:35  SCV  
  49  4:40  Marauder, Marine x2  
  49  4:43  Factory Tech Lab  
  53  4:46  SCV  
  53  4:47  SCV, Engineering Bay  
  53  4:49  Medivac x2  
  53  4:50  Engineering Bay  
  59  4:59  SCV x2  
  61  5:04  Stimpack  
  61  5:07  Command Center  
  61  5:11  SCV x2  
  63  5:15  Terran Infantry Armor Level 1  
  63  5:16  Terran Infantry Weapons Level 1  
  63  5:22  Marauder, Marine  
  63  5:23  SCV x2  
  63  5:24  Marine  
  69  5:41  Refinery  
  69  5:42  Supply Depot  
  69  5:54  SCV  
  70  6:03  Marine x2, Siege Tank  
  70  6:04  Marauder  
  77  6:05  Supply Depot  
  76  6:28  Supply Depot  
  74  6:34  Supply Depot  
  74  6:35  Supply Depot  
  74  6:37  Orbital Command  
  72  6:43  Combat Shield  
  66  6:58  Medivac x2  
  60  7:04  Siege Tank  
  60  7:07  Supply Depot  
  63  7:08  Supply Depot  
  63  7:13  SCV x2, Orbital Command  
  65  7:25  SCV, Marine x3, Armory  
  65  7:28  Medivac x2  
  73  7:32  Barracks  
  73  7:34  Barracks  
  73  7:36  Siege Tank  
  73  7:40  Armory  
  73  7:42  SCV  
  73  7:43  SCV x2, Marine  
  75  7:54  SCV  
  75  7:55  SCV  
  74  8:02  Concussive Shells  
  65  8:15  SCV, Armory  
  65  8:16  SCV x2  
  68  8:21  Marauder, Marine x2  
  68  8:25  Barracks Tech Lab  
  69  8:28  SCV x2, Barracks, Barracks Tech Lab  
  68  8:39  Marine  
  69  8:42  Marauder  
  69  8:46  Marauder x2, Marine  
  66  8:56  Orbital Command  
  66  8:57  Marine  
  61  9:04  Marauder, Marine  
  61  9:09  Medivac x2  
  65  9:21  SCV x3  
  67  9:32  Supply Depot  
  67  9:33  SCV x2  
  67  9:36  Terran Infantry Armor Level 2, Supply Depot, Terran Infantry Weapons Level 2  
  67  9:38  Terran Vehicle And Ship Armor Level 1  
  69  9:39  Siege Tank  
  69  9:40  Medivac x2  
  76  9:46  Marine x4  
  76  9:47  Marauder x2  
  83  10:02  Orbital Command  
  83  10:04  Marine  
  83  10:05  Marauder  
  76  10:08  Marauder  
  76  10:09  Marauder  
  76  10:10  SCV  
  65  10:15  Marine  
  58  10:23  SCV  
  58  10:26  Marauder  
  58  10:38  Supply Depot  
  58  10:42  SCV x2  
  60  10:50  Supply Depot  
  60  10:54  SCV x2  
  62  11:06  SCV  
  61  11:18  Supply Depot  
  61  11:25  Marauder x3, Marine x3  
  70  11:26  Supply Depot x2  
  70  11:27  Siege Tank  
  70  11:28  Supply Depot  
  73  11:42  Marine  
  73  11:43  Marine x2  
  73  11:46  Marauder x3  
  78  12:00  Marine  
  70  12:12  Supply Depot  
  70  12:14  Orbital Command  
  70  12:15  SCV x2  
  72  12:27  SCV x2  
  74  12:31  Marauder  
  76  12:39  SCV x2  
  78  12:51  SCV x2  
  66  13:19  Marauder x2, Marine x2  
  70  13:20  Marauder, Marine  
  72  13:28  SCV x2  
Tags
 
Add a new tag
Caveats
  • Supply blocks, unpowered buildings, or Contaminate may cause inaccurate times.
  • Supply counts are checked every 10 seconds.